 Dungeon Crawl Stone Soup version 0.30.1-4-g462c640d31 (webtiles) character file.

Game seed: 9309353521750497496

133 Arctor the Magician (level 4, -5/30 (36) HPs)
             Began as a Deep Elf Fire Elementalist on Sept 15, 2023.
             Killed by divine providence
             ... invoked by an orc priest
              (15 damage)
             ... on level 3 of the Dungeon.
             The game lasted 00:03:20 (2053 turns).

Arctor the Magician (Deep Elf Fire Elementalist)    Turns: 2053, Time: 00:03:21

HP:   -5/30 (36)    AC: 22    Str:  5    XL:     4   Next: 94%
MP:   11/12         EV:  2    Int: 22    God:
Gold: 146           SH:  0    Dex: 13    Spells: 4/11 levels left

rFire   . . .        g - +2 sling (drain)
rCold   . . .        (no shield)
rNeg    . . .        a - melded +0 robe
rPois   +            (helmet currently unavailable)
rElec   .            (cloak currently unavailable)
rCorr   .            l - melded +1 pair of gloves
SInv    .            (boots currently unavailable)
Will    .....        (no amulet)
Stlth   ++           (no ring)
HPRegen 0.25/turn    (no ring)
MPRegen 0.13/turn

%: no passive effects
@: tree-form, heavily drained
A: stationary, stasis, torment immunity, boosted hp, clumsy 1
a: no special abilities


You were on level 3 of the Dungeon.
You were a tree.
You visited 1 branch of the dungeon, and saw 3 of its levels.

You collected 146 gold pieces.

Inventory:

Hand Weapons
 g - a +2 sling of draining (weapon)
Armour
 a - a +0 robe (melded)
 l - a +1 pair of gloves (melded)
Scrolls
 c - a scroll of enchant armour
 d - a scroll of noise {unknown}
 e - 2 scrolls of teleportation
 j - a scroll of immolation
Potions
 b - a potion of magic
 f - a potion of brilliance


   Skills:
 + Level 2.0 Ranged Weapons
 + Level 3.3 Dodging
 + Level 3.4 Stealth
 + Level 4.0 Spellcasting
 + Level 2.2 Conjurations
 + Level 1.0 Necromancy
 + Level 3.8 Fire Magic


You had 4 spell levels left.
You knew the following spells:

 Your Spells              Type           Power      Damage    Failure   Level
a - Foxfire               Conj/Fire      68%        2x1d7     3%          1
b - Scorch                Fire           42%        2d7       3%          2
c - Vampiric Draining     Necr           9%         2d6       22%         3
d - Necrotise             Necr           36%        1d5       7%          1

Your spell library contained the following spells:

 Spells                   Type           Power      Damage    Failure   Level
 Inner Flame              Hex/Fire       12%        N/A       16%         3
 Volatile Blastmotes      Fire/Tloc      24%        2d12      16%         3
 Flame Wave               Conj/Fire      17%        2d7       32%         4
 Manifold Assault         Tloc           4%         N/A       73%         4
 Agony                    Necr           9%         N/A       89%         5
 Dispersal                Tloc           2%         N/A       100%        6
 Disjunction              Tloc           2%         N/A       100%        8


Dungeon Overview and Level Annotations

Branches:
Dungeon (3/15)

Altars:


Innate Abilities, Weirdness & Mutations

You are a tree.
Your roots penetrate the ground, keeping you stationary.
You cannot be teleported.
You are immune to unholy pain and torment.
Your maximum health is greatly increased.
Your equipment is partially melded.
You are clumsy. (Dex -2)


Message History

Press: ? - help, Q - select action, (/) - cycle Shift-Dir - straight line, f/p - orc
Aim: an orc, wielding a +0 falchion (moderately wounded, heavily drained, 57% to hit)
You shoot a sling bullet. The sling bullet hits the orc!
You kill the orc!
Fire: g) +2 sling (drain)
Press: ? - help, Q - select action, (/) - cycle Shift-Dir - straight line, f - orc
Aim: an orc, wielding a +0 hand axe (57% to hit)
You shoot a sling bullet. The sling bullet hits the orc.
You drain the orc.
The orc is heavily wounded.
Unknown command.
Fire: g) +2 sling (drain)
Press: ? - help, Q - select action, (/) - cycle Shift-Dir - straight line, f/p - orc
Aim: an orc, wielding a +0 hand axe (heavily wounded, heavily drained, 57% to hit)
You shoot a sling bullet. The sling bullet hits the orc.
You kill the orc!
Something hits you but does no damage.
You feel drained.
The orc priest looks satisfied for a moment.
Your Spellcasting skill increases to level 4!
Fire: g) +2 sling (drain)
Press: ? - help, Q - select action, (/) - cycle Shift-Dir - straight line, f - orc priest
Aim: an orc priest, wielding a +0 hand axe and wearing a +0 chain mail (65% to hit)
You shoot a sling bullet. Something hits you but does no damage.
You feel drained.
Fire: g) +2 sling (drain)
Press: ? - help, Q - select action, (/) - cycle Shift-Dir - straight line, f/p - orc priest
Aim: an orc priest, wielding a +0 hand axe and wearing a +0 chain mail (65% to hit)
You shoot a sling bullet.
The sling bullet closely misses the orc priest.
Something completely misses you.
Fire: g) +2 sling (drain)
Press: ? - help, Q - select action, (/) - cycle Shift-Dir - straight line, f/p - orc priest
Aim: an orc priest, wielding a +0 hand axe and wearing a +0 chain mail (65% to hit)
You shoot a sling bullet.
The sling bullet completely misses the orc priest.
Something hits you but does no damage.
You feel drained. Something hits you but does no damage.
You feel drained.
The orc priest mumbles some strange prayers to Beogh against you.
Beogh smites you!
Ouch! That really hurt!
You die...

#.......# #.......
#...).. #########
#..... .....[..# #....
........# .o.
........#
#{#############
........#
####♣#............
####'####
#....).....#########.
#.#
.#.###..###.#.........
####.######.#
##..###.#.########
.............
...........<..>...
.###.####.#.#
###....#.....###### .#
#.#..#.#.#
#.##.#.#.#....... .#
#†#....#.# #
#.#..)...########
.###.##.###.#.#
#.#..#.###


You could see an orc priest.

Vanquished Creatures
  2 jellies (D:3)
  An adder (D:2)
  A worm (D:2)
  A dart slug (D:2)
  3 orcs (D:3)
  5 ball pythons
  7 endoplasms (D:3)
  3 hobgoblins
  2 jackals (D:3)
  11 kobolds
  4 bats
  3 frilled lizards
  5 goblins
  5 rats
53 creatures vanquished.

Vanquished Creatures (others)
  37 foxfires
37 creatures vanquished.

Grand Total: 90 creatures vanquished

Notes
Turn   | Place    | Note
-------+----------+-------------------------------------------
     0 | D:1      | Arctor the Deep Elf Fire Elementalist began the quest for
                  | the Orb.
     0 | D:1      | Reached XP level 1. HP: 10/10 MP: 6/6
   553 | D:1      | Reached XP level 2. HP: 15/15 MP: 8/8
   601 | D:1      | Found a faded altar of an unknown god.
  1202 | D:2      | Reached skill level 1 in Ranged Weapons
  1262 | D:2      | Learned a level 2 spell: Scorch
  1309 | D:2      | Reached XP level 3. HP: 19/19 MP: 3/9
  1766 | D:3      | Learned a level 3 spell: Vampiric Draining
  1768 | D:3      | Learned a level 1 spell: Necrotise
  1888 | D:3      | Reached XP level 4. HP: 16/24 MP: 2/11
  1903 | D:3      | Reached skill level 1 in Necromancy
  2046 | D:3      | Gained mutation: You are clumsy. (Dex -2) [potion of
                  | mutation]
  2051 | D:3      | Reached skill level 4 in Spellcasting
  2053 | D:3      | Killed from afar by an orc priest

Illustrated notes

Levels and vault maps discovered:
D:1:      psy_arrival_wood_between_worlds, layout_loops_corners,
          shapermc_ecumenical_altar_mp_highgroup
D:2:      layout_basic
D:3:      cheibrodos_fertilizer, layout_basic, serial_glass, glass_columns_a,
          glass_columns_a

Skill      XL: |  1  2  3  4 |
---------------+-------------+-----
Ranged Weapons | 1 2 |  2.0
Stealth        | 3 |  3.4
Dodging        | 3 |  3.3
Conjurations   | 2 |  2.2
Necromancy     | 1 |  1.0
Spellcasting   | 4 |  4.0
Fire Magic     | |  3.8

Action                     |  1- 3 |  4- 6 || total
---------------------------+-------+-------++-------
   Fire: Sling             |    52 |    31 ||    83
   Cast: Foxfire           |    25 |       ||    25
         Vampiric Draining |     1 |       ||     1
         Scorch            |     1 |       ||     1
         Necrotise         |     1 |       ||     1
    Use: Scroll            |     5 |       ||     5
         Potion            |       |     4 ||     4
 Armour: Robe              |    11 |     4 ||    15
         Skin              |       |     7 ||     7
  Dodge: Dodged            |    29 |     8 ||    37
